 Dungeon Crawl Stone Soup version 0.18.1-1-g2f07953 (webtiles) character file.

172 RKaid the Charlatan (level 5, -1/41 HPs)
             Began as a Demonspawn Artificer on May 7, 2016.
             Slain by Crazy Yiuf
             ... wielding a +3 quarterstaff of chaos
              (3 damage)
             ... on level 5 of the Dungeon.
             The game lasted 00:12:19 (4681 turns).

RKaid the Charlatan (Demonspawn Artificer)          Turns: 4681, Time: 00:12:19

Health: -1/41      AC:  8    Str: 13    XL:     5   Next: 27%
Magic:  7/7        EV: 10    Int: 13    God:
Gold:   153        SH:  0    Dex: 13    Spells: 0 memorised, 4 levels left

rFire  . . .     SeeInvis .     a - +1 short sword
rCold  . . .     Gourm    .     b - +0 leather armour
rNeg   . . .     Faith    .     (no shield)
rPois  .         Spirit   .     (helmet restricted)
rElec  .         Dismiss  .     (no cloak)
rCorr  .         Reflect  .     q - +1 pair of gloves
SustAt .         Harm     .     (no boots)
MR     .....                    (no amulet)
Stlth  +.........               (no ring)
                                (no ring)

@: very slightly contaminated, hasted, very quick, not resistant to hostile
enchantments, very unstealthy
A: antennae 1, icy blue scales 2
a: no special abilities


You were on level 5 of the Dungeon.
You were hungry.

You visited 1 branch of the dungeon, and saw 5 of its levels.

You collected 153 gold pieces.

Inventory:

Hand Weapons
 a - a +1 short sword (weapon)
Armour
 b - a +0 leather armour (worn)
 n - the +5 chain mail of Xaoxim {rPois Int+2, unknown}
   (You found it on level 5 of the Dungeon)

   It affects your intelligence (+2).
   It protects you from poison.
 q - a +1 pair of gloves (worn)
   (You found it on level 2 of the Dungeon)
Wands
 c - a wand of flame (2/48)
 d - a wand of enslavement (14/24)
 e - a wand of random effects (14/48)
 o - a wand of digging (17/24)
   (You found it on level 5 of the Dungeon)
 u - a wand of confusion (30/48)
   (You found it on level 3 of the Dungeon)
Scrolls
 i - a scroll of identify
 j - a scroll of remove curse
Potions
 g - a potion of heal wounds {unknown}
 h - 2 potions of agility
 k - a potion of might
 l - a potion of resistance
 m - 3 potions of brilliance
 p - a potion of flight
Comestibles
 f - 2 bread rations
 r - a meat ration


   Skills:
 * Level 3.2 Fighting
 * Level 3.0 Short Blades
 - Level 1.7 Dodging
 - Level 0.8 Stealth
 + Level 3.7 Evocations


You had 4 spell levels left.
You didn't know any spells.

Dungeon Overview and Level Annotations

Branches:
Dungeon (5/15)
 Temple: D:4-7

Altars:

Annotations:
D:4 Eustachio
D:5 Crazy Yiuf


Innate Abilities, Weirdness & Mutations

You have a pair of small antennae on your head.
You are mostly covered in icy blue scales (AC +3, EV -1).


Message History

Eustachio mumbles some strange words.
The iguana bites your ogre!
Your ogre dies!
The iguana looks stronger.
Eustachio gestures wildly while chanting.
The iguana hisses menacingly.
Eustachio gestures wildly while chanting.
The bat disappears in a puff of smoke!
Eustachio brags, "I can call spirits from the vasty deep."
The bat hits you but does no damage. The bat hits you but does no damage.
The bat hits you.
* * * LOW HITPOINT WARNING * * *
The bat barely misses you. The bat hits you.
* * * LOW HITPOINT WARNING * * *
The bat hits you but does no damage. x2
The bat hits you but does no damage.
You closely miss the bat. The bat completely misses you.
The bat hits you but does no damage. The bat closely misses you.
The bat hits you.
* * * LOW HITPOINT WARNING * * *
The bat barely misses you. The bat barely misses you. x2
There is a stone staircase leading down here.
The bat hits you but does no damage.
You climb downwards.
There is a stone staircase leading up here.
You start resting.
g - a smoky puce potion
l - a potion of resistance You see here 24 stones.
n - a bloodstained chain mail
o - a wand of digging
r - 2 scrolls of identify (gained 1) Read which item? (? for menu, Esc to quit)
Okay, then.
Adjust (i)tems, (s)pells, or (a)bilities?
Adjust which item? (? for menu, Esc to quit)
r - 2 scrolls of identify Adjust to which letter? (? for menu, Esc to quit)
i - 2 scrolls of identify;
r - a meat ration Read which item? (? for menu, Esc to quit)
Identify which item? (\ to view known items) (? for menu, Esc to quit)
As you read the scroll of identify, it crumbles to dust.
t - a potion of degeneration Drop what? 20/52 slots (_ for help) (? for menu, Esc to quit)
You drop a potion of degeneration {!q}.
You are feeling hungry.
You see here a spear.
You see here 24 stones.
Found a glowing spear.
You see here a glowing spear.
s - a glowing spear Wield which item (- for none, * to show all)? (? for menu, Esc to quit)
It sticks to your hand!
s - a cursed -3 spear (weapon)
Read which item? (? for menu, Esc to quit)
As you read the scroll labeled YKOFRI ROMI, it crumbles to dust.
You feel as if something is helping you.
It was a scroll of remove curse.
Wield which item (- for none, * to show all)? (? for menu, Esc to quit)
a - a +1 short sword (weapon)
Drop what? 20/52 slots (_ for help) (? for menu, Esc to quit)
You drop a -3 spear.
Marking area around Crazy Yiuf as unsafe for travelling.
Crazy Yiuf the Enlightened comes into view.
He is wielding a quarterstaff of chaos.
Crazy Yiuf shouts!
Crazy Yiuf moves out of view.
Evoke which item? (* to show all) (? for menu, Esc to quit)
Zapping:
c - a wand of flame (4/48)
Press: ? - help, Shift-Dir - straight line, f - Crazy Yiuf
Aim: Crazy Yiuf, wielding a quarterstaff of chaos and wearing a cloak The puff of flame hits Crazy Yiuf.
This wand has 3 charges left.
Crazy Yiuf says, "Shadow seventy illywillydillykilly!"
Evoke which item? (* to show all) (? for menu, Esc to quit)
Zapping:
c - a wand of flame (3/48)
Press: ? - help, Shift-Dir - straight line, f/p - Crazy Yiuf
Aim: Crazy Yiuf, wielding a quarterstaff of chaos and wearing a cloak (heavily wounded)
The puff of flame hits Crazy Yiuf.
This wand has 2 charges left.
You barely miss Crazy Yiuf.
Crazy Yiuf hits you with a quarterstaff of chaos.
Crazy Yiuf burns you.
You hit Crazy Yiuf. Crazy Yiuf closely misses you.
You hit Crazy Yiuf but do no damage. You hit Crazy Yiuf but do no damage.
Crazy Yiuf hits you with a quarterstaff of chaos!
You convulse!
You barely miss Crazy Yiuf.
Crazy Yiuf cries, "Paint snail broken!"
Crazy Yiuf hits you with a quarterstaff of chaos.
* * * LOW HITPOINT WARNING * * *
You feel yourself speed up.
You are very lightly contaminated with residual magic.
You closely miss Crazy Yiuf.
Crazy Yiuf hits you with a quarterstaff of chaos!
* * * LOW HITPOINT WARNING * * *
Crazy Yiuf burns you.
You die...

#.# #.# #.# #.# #.########
#......... ♣♣♣♣♣###........#
♣♣♣.♣....#.######.#
♣g@♣.......# #..
#.....♣♣♣♣......# #.# #)..#♣
♣♣.....# #.# ### ♣♣###.# #.#
#.# #.# ##.######## ###
###### #........(.
####.####.##.###############
#....................#<..# #


You could see Crazy Yiuf.

Vanquished Creatures
  An iguana (D:4)
  A worker ant (D:4)
  Ijyb (D:2)
  3 adders
  2 worms (D:2)
  3 dart slugs
  3 giant geckos
  3 giant cockroaches
  10 goblins
  6 hobgoblins
  7 jackals
  5 bats
  3 giant newts
  6 kobolds
  A quokka skeleton (D:3)
  10 rats
65 creatures vanquished.

Vanquished Creatures (others)
  An ogre (D:4)
1 creature vanquished.

Grand Total: 66 creatures vanquished

Notes
Turn   | Place    | Note
--------------------------------------------------------------
     0 | D:1      | RKaid the Demonspawn Artificer began the quest for the Orb.
     0 | D:1      | Reached XP level 1. HP: 15/15 MP: 3/3
    67 | D:1      | Reached skill level 1 in Short Blades
   441 | D:1      | Gained mutation: You have a pair of small antennae on your head. [demonic ancestry]
   441 | D:1      | Reached XP level 2. HP: 12/21 MP: 4/4
  1019 | D:1      | Reached skill level 2 in Fighting
  1052 | D:1      | Reached XP level 3. HP: 27/27 MP: 5/5
  1337 | D:2      | Reached skill level 2 in Short Blades
  1513 | D:2      | Noticed Ijyb
  1538 | D:2      | Killed Ijyb
  1545 | D:2      | Gained mutation: You are partially covered in icy blue scales (AC +1). [demonic ancestry]
  1545 | D:2      | Reached XP level 4. HP: 11/34 MP: 6/6
  3152 | D:4      | HP: 8/34 [worker ant (1)]
  3161 | D:4      | Reached skill level 3 in Fighting
  3171 | D:4      | Gained mutation: You are mostly covered in icy blue scales (AC +3, EV -1). [demonic ancestry]
  3171 | D:4      | Reached XP level 5. HP: 18/41 MP: 7/7
  3408 | D:4      | Noticed Eustachio
  3467 | D:4      | HP: 8/41 [river rat[Eustachio] (5)]
  3473 | D:4      | HP: 10/41 [river rat[Eustachio] (8)]
  3475 | D:4      | HP: 4/41 [river rat[Eustachio] (6)]
  4143 | D:4      | Reached skill level 3 in Short Blades
  4235 | D:4      | Noticed an ogre
  4240 | D:4      | HP: 6/41 [ogre/giant spiked club (22)]
  4269 | D:4      | HP: 9/41 [bat[Eustachio] (1)]
  4276 | D:4      | HP: 8/41 [bat[Eustachio] (1)]
  4279 | D:5      | Entered Level 5 of the Dungeon
  4566 | D:5      | Got a bloodstained chain mail
  4671 | D:5      | Noticed Crazy Yiuf
  4681 | D:5      | HP: 2/41 [Crazy Yiuf/quarterstaff of chaos (9)]
  4681 | D:5      | Slain by Crazy Yiuf

Skill      XL: |  1  2  3  4  5 |
---------------+----------------+-----
Short Blades   | 1 2 3 |  3.0
Fighting       | 2 3 |  3.2
Dodging        | |  1.7
Stealth        | |  0.8
Evocations     | |  3.7

Action                   |  1- 3 |  4- 6 || total
-------------------------+-------+-------++-------
Melee: Short sword       |   169 |   190 ||   359
Evoke: Wand              |     1 |    17 ||    18
  Use: Potion            |       |     6 ||     6
       Scroll            |       |     7 ||     7
 Stab: Sleeping          |     1 |     3 ||     4
       Confused          |       |     3 ||     3
  Eat: Chunk             |     2 |     5 ||     7
       Bread ration      |       |     1 ||     1
Armor: Leather armour    |    52 |    57 ||   109
Dodge: Dodged            |   121 |   108 ||   229

Vault maps used:
D:1:      scummos_arrival_star
D:2:      minmay_misc_feat_room, uniq_iyjb
D:3:      lightli_corner_chamber
D:4:      first_bread, uniq_duvessa, uniq_eustachio
D:5:      minmay_overflow_temple_star_quad, grunt_pakellas_basics,
          uniq_crazy_yiuf_cottage

Table legend:
 A = Turns spent in this place as a percentage of turns spent in the entire game.
 B = Non-inter-level travel turns spent in this place as a percentage of non-inter-level travel turns spent in the entire game.
 C = Inter-level travel turns spent in this place as a percentage of turns spent in this place.
 D = Turns resting spent in this place as a percentage of non-inter-level travel turns spent in this place.
 E = Turns spent auto-exploring this place as a percentage of non-inter-level travel turns spent in this place.
 F = Non-inter-level travel turns spent in this place divided by the number of levels of this place that you've seen.
                   A       B       C       D       E      F
               +-------+-------+-------+-------+-------+----------------------
         Total | 100.0 | 100.0 |   0.4 |   4.5 |   6.2 | 222.4
       Dungeon | 100.0 | 100.0 |   0.4 |   4.5 |   6.2 | 222.4
               +-------+-------+-------+-------+-------+----------------------

Table legend:
 A = Kills in this place as a percentage of kills in entire the game.
 B = Kills by you in this place as a percentage of kills by you in the entire game.
 C = Kills by friends in this place as a percentage of kills by friends in the entire game.
 D = Other kills in this place as a percentage of other kills in the entire game.
 E = Experience gained in this place as a percentage of experience gained in the entire game.
 F = Experience gained in this place divided by the number of levels of this place that you have seen.
                   A       B       C       D       E      F
               +-------+-------+-------+-------+-------+----------------------
         Total | 100.0 | 100.0 |  -nan |  -nan | 100.0 |  49.2
       Dungeon | 100.0 | 100.0 |  -nan |  -nan | 100.0 |  49.2
               +-------+-------+-------+-------+-------+----------------------
